 Dungeon Crawl Stone Soup version 0.22.1-1-ga44c0e56f4 (webtiles) character file.

4758 Cykl0x the Cleaver (level 10, 0/61 HPs)
             Began as a Gargoyle Fighter on Nov 2, 2018.
             Was a Priest of Okawaru.
             Slain by a killer bee (1 damage)
             ... on level 9 of the Dungeon.
             The game lasted 00:21:41 (7788 turns).

Cykl0x the Cleaver (Gargoyle Fighter)               Turns: 7788, Time: 00:21:41

Health: 0/61       AC: 22    Str: 25    XL:     10   Next: 46%
Magic:  10/10      EV:  6    Int:  9    God:    Okawaru [***...]
Gold:   464        SH: 15    Dex: 11    Spells: 9/9 levels left

rFire    + . .     SeeInvis .   a - +2 war axe
rCold    + . .     Gourm    .   c - +3 shield
rNeg     + + .     Faith    .   D - +1 plate armour
rPois    ∞         Spirit   .   (no helmet)
rElec    +         Reflect  .   j - scarf {rC+ rF+}
rCorr    .         Harm     .   t - +0 pair of gloves
MR       .....                  (no boots)
Stlth    ..........             (no amulet)
HPRegen  0.20/turn              r - ring of positive energy
MPRegen  0.12/turn              E - +4 ring of strength

@: hasted, very quick
A: negative energy resistance 1, electricity resistance, unbreathing,
petrification resistance, rot immunity, AC +7
a: Heroism, Renounce Religion


You were on level 9 of the Dungeon.
You worshipped Okawaru.
Okawaru was most pleased with you.
You were not hungry.

You visited 2 branches of the dungeon, and saw 10 of its levels.

You collected 464 gold pieces.

Inventory:

Hand Weapons
 a - a +2 war axe (weapon)
Missiles
 e - 225 stones (quivered)
Armour
 c - a +3 shield (worn)
 j - a scarf of resistance (worn)
 t - a +0 pair of gloves (worn)
 D - a +1 plate armour (worn)
Jewellery
 r - a ring of positive energy (left hand)
 E - a +4 ring of strength (right hand)
Wands
 o - a wand of paralysis (15)
Scrolls
 d - 2 scrolls of identify
 g - 3 scrolls of teleportation
 h - a scroll of amnesia
 w - 2 scrolls of remove curse
 A - a scroll of fog
Potions
 b - a potion of resistance {unknown}
 i - 3 potions of invisibility
 k - a potion of mutation
 l - a potion of lignification
 p - 5 potions of degeneration {unknown}
 q - a potion of berserk rage {unknown}
 v - 2 potions of flight {unknown}
 x - a potion of brilliance {unknown}
 z - 2 potions of cancellation {unknown}
 B - a potion of magic {unknown}
Comestibles
 f - 9 rations


   Skills:
 + Level 6.8 Fighting
 + Level 9.1 Axes
 + Level 1.7 Throwing
 + Level 7.1 Armour
 + Level 1.6 Dodging
 + Level 2.2 Stealth
 + Level 8.6 Shields
 + Level 0.7 Evocations


You had 9 spell levels left.
You didn't know any spells.
Your spell library was empty.

Dungeon Overview and Level Annotations

Branches:
Dungeon (9/15)             Temple (1/1) D:4
   Lair: D:8-11         Orc: D:9-12

Altars:
Ashenzari
Cheibriados
Dithmenos
Elyvilon
Fedhas
Gozag
Kikubaaqudgha
Makhleb
Nemelex Xobeh
Okawaru
Qazlal
Ru
Sif Muna
Trog
Uskayaw
Vehumet
Wu Jian
Yredelemnul
Zin
The Shining One

Shops:
D:5 %


Innate Abilities, Weirdness & Mutations

You are resistant to torment.
Your stone body is resilient. (AC +7)
You are immune to poison.
You resist negative energy. (rN+)
You are resistant to electric shocks. (rElec)
You can survive without breathing.
You are immune to petrification.
You are immune to rotting.


Message History

Okay, then.
You block the killer bee's attack. x2
The killer bee stings you.
* * * LOW HITPOINT WARNING * * *
You hear an angry buzzing noise.
You block the killer bee's attack. You block the killer bee's attack.
The killer bee stings you but does no damage.
The killer bee rages.
You block the killer bee's attack. The killer bee barely misses you.
The killer bee stings you.
* * * LOW HITPOINT WARNING * * *
You hear an angry buzzing noise.
You block the killer bee's attack. The killer bee stings you.
* * * LOW HITPOINT WARNING * * *
The killer bee stings you.
* * * LOW HITPOINT WARNING * * *
You block the killer bee's attack.
You feel yourself speed up. The killer bee stings you.
You die...

########### #########
#.........#####........
#.........##.y).)......
##.(.......#..##y.......
...........#.###........
#.....@y.yy.# #........
#>........### ######)##
#######÷### ###(.# #..#
#.†(## #### ####.##
#'### ...# #....# #..
##'### #####'#### #.
...<.####........# #.
.....#..'........#


y You could see a queen bee and 2 killer bees.

Vanquished Creatures
  A two-headed ogre (D:8)
  Joseph (D:8)
  A troll (D:9)
  Sigmund (D:5)
  A wyvern (D:8)
  Menkaure (D:5)
  An orc warrior (D:6)
  A black bear (D:8)
  A sky beast (D:6)
  4 ogres
  2 centaurs
  A big kobold (D:9)
  A water moccasin zombie (D:8)
  2 scorpions
  A water moccasin skeleton (D:5)
  A wyvern skeleton (D:6)
  19 killer bees (D:9)
  3 wights (D:9)
  3 crimson imps
  2 howler monkeys (D:8)
  A bullfrog zombie (D:7)
  5 hounds
  2 jellies
  An orc priest (D:5)
  A bullfrog skeleton (D:8)
  An iguana (D:6)
  7 orc wizards
  5 worker ants
  2 worker ant zombies
  12 adders
  3 gnolls (D:2)
  2 shadow imps (D:7)
  3 oozes
  An adder zombie (D:6)
  3 worms
  A dart slug (D:1)
  9 leopard geckos
  20 orcs
  8 giant cockroaches
  7 goblins
  6 hobgoblins
  15 jackals
  12 kobolds
  3 quokkas
  A ball python (D:5)
  5 bats
  5 frilled lizards
  2 gnoll zombies (D:6)
  A quokka skeleton (D:7)
  5 rats
197 creatures vanquished.

Notes
Turn   | Place    | Note
-------+----------+-------------------------------------------
     0 | D:1      | Cykl0x the Gargoyle Fighter began the quest for the Orb.
     0 | D:1      | Reached XP level 1. HP: 14/14 MP: 1/1
    63 | D:1      | Reached XP level 2. HP: 17/19 MP: 2/2
   411 | D:1      | Reached skill level 2 in Axes
   411 | D:1      | Reached XP level 3. HP: 21/23 MP: 3/3
   875 | D:2      | Reached XP level 4. HP: 26/29 MP: 4/4
  1096 | D:2      | Reached XP level 5. HP: 28/33 MP: 5/5
  1279 | D:2      | Found a burning altar of Makhleb.
  1909 | D:3      | Found a stormy altar of Qazlal.
  1909 | D:3      | Found an ornate altar of the Wu Jian Council.
  2031 | D:3      | Reached skill level 3 in Axes
  2439 | D:4      | Reached skill level 1 in Throwing
  2439 | D:4      | Reached XP level 6. HP: 26/38 MP: 6/6
  2768 | D:4      | Found a staircase to the Ecumenical Temple.
  2774 | Temple   | Entered the Ecumenical Temple
  3397 | D:5      | Entered Level 5 of the Dungeon
  3431 | D:5      | Reached skill level 4 in Axes
  3482 | D:5      | Reached skill level 1 in Dodging
  3728 | D:5      | Found a deep blue altar of Sif Muna.
  3765 | D:5      | Noticed Menkaure
  3771 | D:5      | Reached XP level 7. HP: 18/43 MP: 7/7
  3775 | D:5      | Killed Menkaure
  3775 | D:5      | Reached skill level 5 in Shields
  3816 | D:5      | Noticed Sigmund
  3829 | D:5      | Killed Sigmund
  3829 | D:5      | Reached skill level 5 in Armour
  4091 | D:5      | Reached skill level 5 in Axes
  4123 | D:5      | Found Pupeuxte's Food Shop.
  4297 | D:6      | Reached XP level 8. HP: 48/48 MP: 8/8
  4563 | D:6      | Reached skill level 6 in Axes
  4586 | D:6      | Reached skill level 5 in Fighting
  5025 | D:6      | Found a basalt altar of Yredelemnul.
  5087 | D:6      | Found a glowing silver altar of Zin.
  5433 | D:7      | Found a sacrificial altar of Ru.
  5792 | D:7      | Found an iron altar of Okawaru.
  5796 | D:7      | Became a worshipper of Warmaster Okawaru
  5814 | D:7      | Found a radiant altar of Vehumet.
  5828 | D:7      | Reached XP level 9. HP: 55/55 MP: 9/9
  5841 | D:7      | Found a shadowy altar of Dithmenos.
  5855 | D:7      | Found a hide-covered altar of Uskayaw.
  5896 | D:7      | Reached skill level 7 in Axes
  6184 | D:8      | Noticed Joseph
  6229 | D:8      | Killed Joseph
  6229 | D:8      | Reached * piety under Okawaru
  6482 | D:8      | Noticed a two-headed ogre
  6492 | D:8      | Killed a two-headed ogre
  6492 | D:8      | Reached ** piety under Okawaru
  6492 | D:8      | Reached skill level 8 in Axes
  6492 | D:8      | Reached skill level 1 in Stealth
  6679 | D:8      | Reached XP level 10. HP: 57/61 MP: 10/10
  7265 | D:9      | Reached *** piety under Okawaru
  7457 | D:9      | Reached skill level 9 in Axes
  7787 | D:9      | HP: 1/61 [killer bee (4)]
  7788 | D:9      | Slain by a killer bee

Skill      XL: |  1  2  3  4  5  6  7  8  9 10 |
---------------+-------------------------------+-----
Axes           | 2 3 4 5 6 8 9 |  9.1
Armour         | 4 5 6 7 |  7.1
Shields        | 4 5 6 7 8 |  8.6
Throwing       | 1 |  1.7
Fighting       | 4 5 6 |  6.8
Dodging        | 1 |  1.6
Stealth        | 2 |  2.2
Evocations     | |  0.7

Action                   |  1- 3 |  4- 6 |  7- 9 | 10-12 || total
-------------------------+-------+-------+-------+-------++-------
Melee: War axe           |    68 |   268 |   368 |   194 ||   898
Throw: Stone             |     7 |    11 |    14 |       ||    32
Evoke: Wand              |       |       |     2 |       ||     2
  Use: Scroll            |     2 |    10 |     8 |       ||    20
       Potion            |       |     2 |     2 |     3 ||     7
 Stab: Paralysed         |       |       |     4 |       ||     4
  Eat: Chunk             |       |     9 |     4 |     1 ||    14
       Ration            |       |       |     2 |     1 ||     3
Armor: Scale mail        |    43 |   155 |    17 |       ||   215
       Chain mail        |       |       |    76 |       ||    76
       Plate armour      |       |       |    93 |   217 ||   310
Dodge: Dodged            |    38 |    89 |    63 |    86 ||   276
Block: Shield            |    39 |   170 |   211 |   297 ||   717
